Map: NeoHumanity LE

Players

kidneyboy - Winner!

  • Race: Terran Terran
  • League: Gold
  • Spawn Location: 11:00

TheMovie

  • Race: Zerg Zerg
  • League: Silver
  • Spawn Location: 5:00

VOD

Have the link to the VOD?

Description

Time

  • Played on: March 17, 2023, 1:25 p.m.
  • Length: 12:08
Show
View Real Time Build Order
Export as new Build Order

kidneyboy Terran - Winner!

Build Orders: 2 Factory 

Get SALT Encoding   

  12  0:00  SCV  
  13  0:12  SCV  
  14  0:17  Supply Depot  
  14  0:25  SCV  
  15  0:29  Refinery  
  15  0:43  SCV  
  15  0:49  Barracks  
  16  0:56  SCV  
  17  1:08  SCV  
  18  1:20  Barracks  
  18  1:24  Barracks  
  18  1:37  Reaper  
  19  1:52  Factory  
  19  1:54  SCV  
  20  1:59  Supply Depot  
  20  2:09  Reaper  
  21  2:17  Reaper  
  22  2:23  Reaper  
  23  2:30  Refinery  
  23  2:41  Reaper  
  23  3:06  Marine  
  23  3:07  Marine  
  25  3:13  Marine  
  26  3:24  Marine  
  27  3:27  Factory  
  27  3:41  Barracks Tech Lab  
  27  3:42  Barracks Tech Lab  
  27  3:43  Marine  
  27  3:46  SCV  
  29  3:57  Command Center  
  29  4:01  Marine, Orbital Command  
  30  4:19  Marine  
  30  4:23  Bunker  
  31  4:38  Stimpack  
  31  4:39  Combat Shield  
  31  4:46  Factory Tech Lab  
  31  5:09  Siege Tank, Marauder x2, Marine, Engineering Bay, SCV  
  41  5:21  SCV  
  41  5:24  SCV  
  42  5:33  SCV  
  42  5:35  Starport  
  34  5:56  Marine  
  34  5:57  Marine x2  
  37  6:14  Marine x2  
  37  6:15  Barracks  
  39  6:24  Barracks Reactor  
  39  6:26  Supply Depot x2  
  39  6:28  SCV x2  
  39  6:30  Supply Depot  
  39  6:32  Marine  
  41  6:35  Refinery  
  42  6:50  SCV x2  
  44  6:54  Terran Infantry Weapons Level 1  
  44  6:58  Marauder  
  46  7:04  Siege Tank  
  49  7:08  Marine  
  49  7:09  Marine  
  51  7:38  Barracks Reactor  
  51  7:46  Bunker  
  51  7:56  Missile Turret  
  51  7:58  Missile Turret  
  51  8:05  Missile Turret  
  51  8:08  Missile Turret  
  51  8:21  Missile Turret  
  51  8:24  Bunker  
  51  8:27  Missile Turret  
  51  8:29  Medivac x2  
  51  8:30  Missile Turret  
  55  8:36  Marauder  
  55  8:41  Marauder  
  59  8:44  Barracks Reactor  
  59  8:52  Terran Infantry Armor Level 1  
  59  8:59  Medivac x2  
  63  9:09  Concussive Shells  
  63  9:14  Marauder  
  63  9:15  Marauder, SCV x2  
  69  9:27  SCV  
  70  9:46  Supply Depot  
  70  9:48  Supply Depot x2  
  70  10:07  Marine x6, SCV  
  70  10:11  Supply Depot  
  77  10:15  Siege Tank  
  80  10:25  Marine x6  
  79  10:43  Marine x3  
  79  10:48  Siege Tank  
  80  11:01  Marauder x2  
  80  11:02  SCV  
  85  11:05  Marine x4  
  89  11:22  Marine x3  
  89  11:23  Marine x3  
  95  11:40  Marine x3  
  95  11:41  Marine x3  
Show
View Real Time Build Order
Export as new Build Order

TheMovie Zerg 

Build Orders: Pool First, Zergling Baneling 

Get SALT Encoding   

  12  0:10  Extractor  
  12  0:12  Drone x2  
  13  0:16  Drone  
  14  0:39  Spawning Pool  
  14  0:41  Drone  
  14  0:47  Overlord  
  14  1:13  Drone x2, Overlord  
  16  1:28  Extractor, Zergling x2  
  16  1:32  Metabolic Boost  
  16  1:38  Queen  
  18  1:52  Drone x2  
  20  1:57  Zergling x2  
  21  2:12  Zergling x2  
  22  2:30  Drone x2  
  22  2:31  Hatchery  
  23  2:44  Zergling x2  
  24  3:17  Baneling Nest  
  22  3:40  Drone  
  22  3:41  Drone x5  
  28  3:43  Drone  
  28  3:47  Drone  
  30  3:56  Overlord  
  30  4:08  Baneling x7  
  30  4:10  Drone x2  
  30  4:11  Drone  
  33  4:22  Lair  
  33  4:24  Lair  
  33  4:35  Zergling x2  
  33  4:36  Zergling x10  
  39  4:42  Extractor  
  39  4:44  Extractor  
  37  4:47  Overlord x2  
  37  4:58  Baneling x12  
  37  5:02  Drone x6  
  43  5:24  Zergling x2  
  43  5:25  Zergling x6  
  42  5:49  Zergling x10  
  43  5:53  Drone  
  43  5:54  Drone  
  45  6:12  Evolution Chamber  
  45  6:14  Evolution Chamber  
  45  6:17  Evolution Chamber  
  42  6:25  Drone x3  
  43  6:26  Drone x3  
  43  6:32  Queen x2  
  52  6:43  Zerg Melee Weapons Level 1  
  52  6:44  Zerg Missile Weapons Level 1  
  52  6:45  Hatchery  
  51  6:47  Hatchery  
  51  6:50  Zerg Ground Armor Level 1  
  50  6:59  Drone x3  
  53  7:01  Drone  
  53  7:04  Drone  
  53  7:08  Drone  
  56  7:21  Zergling x2  
  56  7:22  Zergling x2  
  58  7:42  Zergling x4  
  60  7:46  Overlord x2  
  60  8:04  Zergling x18  
  69  8:09  Baneling  
  69  8:10  Baneling x7  
  69  8:11  Baneling  
  69  8:12  Baneling  
  69  8:13  Baneling  
  69  8:14  Baneling  
  69  8:16  Baneling x2  
  69  8:17  Baneling  
  69  8:19  Baneling x2  
  69  8:27  Drone x4  
  69  8:28  Drone  
  69  8:30  Drone  
  75  8:41  Extractor  
  75  8:45  Drone x8  
  75  8:47  Drone  
  83  8:48  Drone  
  83  8:51  Drone  
  83  8:52  Drone  
  83  8:53  Drone  
  87  8:56  Drone  
  87  9:01  Lair  
  88  9:21  Baneling, Hydralisk Den  
  88  9:22  Baneling x17  
  87  9:24  Drone  
  87  9:27  Overlord x3  
  88  9:43  Baneling  
  88  9:44  Baneling x8  
  88  9:51  Lair  
  88  9:56  Hydralisk x10  
  88  9:58  Hydralisk  
  110  10:00  Hydralisk  
  110  10:03  Overlord  
  74  10:58  Zergling x24  
  80  11:13  Zergling x10  
Tags
 
Add a new tag
Caveats
  • Supply blocks, unpowered buildings, or Contaminate may cause inaccurate times.
  • Supply counts are checked every 10 seconds.